Bruins vs Penguins

Created - 6 décembre 2021 at 16:47

Goals
1 2 3 T
Bruins 0 1 1 2
Penguins 0 0 1 1
Shots
1 2 3 T
Bruins 9 13 11 33
Penguins 13 9 11 33

1st period

No Goal

Penalties :
No Penalty

2nd period

1. Bruins , Nico Hischier 3 (Sean Monahan 8, Brady Tkachuk 13) at 10:02

Penalties :
Paul Stastny (BOS) for Tripping (Minor) at 4:42

3rd period

2. Penguins , Cody Eakin 2 (Cale Makar 10) at 4:45
3. Bruins , Anthony Mantha 7 (Max Comtois 3, Nico Hischier 7) at 8:33

Penalties :
Joel Edmundson (BOS) for Tripping (Minor) at 1:25, Jakob Chychrun (BOS) for Hooking (Minor) at 11:00

Goalie Stats

Juuse Saros (BOS), 32 saves from 33 shots - (0,970), W, 6-7-1, 60:00 minutes
Tuukka Rask (PIT), 31 saves from 33 shots - (0,939), L, 5-6-2, 59:01 minutes

Players Stats for Bruins

Player Name              G  A  P  +/- PIM S  H  SB GA TA FO     MP     PP MP  PK MP  
------------------------------------------------------------------------------------
Andy Greene              0  0  0   0  0   0  1  3  0  1  0/0    17:17   0:00   3:38 
Anthony Beauvillier      0  0  0   0  0   0  1  1  2  0  1/1    15:16   0:00   0:09 
Anthony Mantha           1  0  1   2  0   2  1  0  0  0  0/1    14:23   0:00   0:00 
Brady Tkachuk            0  1  1  -1  0   6  1  0  0  0  0/2    15:26   0:00   0:03 
Brent Burns              0  0  0   0  0   2  0  0  0  1  0/0    23:56   0:00   1:55 
Casey Cizikas            0  0  0   0  0   0  2  0  0  1  2/5    18:07   0:00   2:02 
Dmitry Kulikov           0  0  0   0  0   1  1  0  0  2  0/0    16:03   0:00   2:19 
Ilya Mikheyev            0  0  0  -1  0   0  1  0  0  1  1/1    17:14   0:00   2:50 
Jake Debrusk             0  0  0   0  0   2  0  0  0  1  0/1     9:07   0:00   0:00 
Jakob Chychrun           0  0  0   0  2   2  1  1  2  2  0/0    20:42   0:00   0:00 
Joel Edmundson           0  0  0   1  2   2  2  1  0  1  0/0    18:48   0:00   0:24 
Luke Glendening          0  0  0   0  0   1  3  1  0  1  3/4    13:02   0:00   2:50 
Max Comtois              0  1  1   2  0   2  1  0  1  0  0/0    14:50   0:00   0:23 
Nico Hischier            1  1  2   2  0   4  1  1  0  1  11/16  16:51   0:00   2:41 
Paul Stastny             0  0  0   0  2   2  1  0  2  0  4/13   15:03   0:00   0:00 
Sean Monahan             0  1  1  -1  0   3  0  0  0  1  8/13   15:17   0:00   0:56 
Seth Jones               0  0  0   1  0   1  1  2  1  1  0/0    23:18   0:00   3:38 
Taylor Raddysh           0  0  0   0  0   3  0  0  0  0  0/0     9:20   0:00   0:00 

Players Stats for Penguins

Player Name              G  A  P  +/- PIM S  H  SB GA TA FO     MP     PP MP  PK MP  
------------------------------------------------------------------------------------
Auston Matthews          0  0  0   0  0   3  2  2  1  2  14/29  20:23   3:09   0:00 
Cale Makar               0  1  1   1  0   4  1  2  2  2  0/0    22:56   3:18   0:00 
Chad Ruhwedel            0  0  0   0  0   2  2  0  0  1  0/0    20:10   0:45   0:00 
Charlie Coyle            0  0  0  -1  0   5  1  0  2  0  0/0    16:32   1:57   0:00 
Cody Eakin               1  0  1   1  0   2  0  0  0  0  1/1     9:32   0:00   0:00 
Curtis Lazar             0  0  0   1  0   0  1  0  0  0  0/0    10:06   0:34   0:00 
Dmitry Orlov             0  0  0  -1  0   1  1  1  0  1  0/0    17:54   1:46   0:00 
Ethan Bear               0  0  0  -1  0   3  0  2  0  1  0/0    26:34   3:12   0:00 
J.T. Miller              0  0  0  -1  0   5  3  0  0  0  7/14   17:56   2:15   0:00 
Jeremy Lauzon            0  0  0  -1  0   0  1  2  0  0  0/0    18:56   2:53   0:00 
Jesse Puljujarvi         0  0  0  -1  0   3  1  0  3  0  0/1    15:11   2:48   0:00 
Joel Armia               0  0  0  -1  0   0  1  0  2  0  0/0    14:54   0:00   0:00 
Lawson Crouse            0  0  0  -1  0   1  1  0  1  0  0/0    12:42   0:00   0:00 
Matt Tennyson            0  0  0   0  0   1  1  1  0  0  0/0    12:22   0:00   0:00 
Matthew Nieto            0  0  0   1  0   1  1  0  1  0  0/0    10:23   0:51   0:00 
Mikael Granlund          0  0  0   0  0   1  1  0  0  0  1/1    20:23   3:09   0:00 
Sam Steel                0  0  0  -1  0   0  1  0  2  0  4/9    13:02   0:20   0:00 
Tomas Tatar              0  0  0   0  0   1  1  0  0  1  0/2    18:56   2:48   0:00 
Tyler Myers              0  0  0   0  0   0  0  2  0  0  0/0     1:08   0:00   0:00 

3 Stars

1 - Juuse Saros (BOS)
2 - Nico Hischier (BOS)
3 - Anthony Mantha (BOS)

Power Play

Bruins - 0 on 0 Attempt(s) - 0,00%
Penguins - 0 on 3 Attempt(s) - 0,00%

Penalty Kill

Bruins - 3 on 3 Attempt(s) - 100,00% - Score 0 goal in Penalty Kill
Penguins - 0 on 0 Attempt(s) - 0,00% - Score 0 goal in Penalty Kill

Team Stat

Bruins - Hits : 18 - Faceoff Wins : 30 - Blocked Shots : 10 - Penalty Minutes : 6
Penguins - Hits : 20 - Faceoff Wins : 27 - Blocked Shots : 12 - Penalty Minutes : 0

Official

Referees : Justin St. Pierre and Ian Walsh
Linesman : Darren Gibbs and Bryan Pancich

Game Notes

Tyler Myers is injured at 2:55 of 1st period (Sprained Right Finger)
8:33 of 3rd period - Bruins goal is going for a video replay. After video review, Goal.

Finance

Level 1 -- Attendance: 5921 (98,68%) -- Ticket Income 503 285 $
Level 2 -- Attendance: 5000 (100,00%) -- Ticket Income 300 000 $
Level 3 -- Attendance: 2000 (100,00%) -- Ticket Income 70 000 $
Level 4 -- Attendance: 4000 (100,00%) -- Ticket Income 80 000 $
Luxury Box -- Attendance: 884 (88,40%) -- Ticket Income 159 120 $
Game was played at the Consol Energy Center.
Total Attendance: 17805 (98,92%)
Total Ticket Income: 1 112 405 $
Other Income: 545 078 $
Total Income: 1 657 483 $

Bruins

5 vs 5 Forward 
   Center                   Left Wing                Right Wing               Time % Phy DF OF 
 1 Sean Monahan             Brady Tkachuk            Ilya Mikheyev            30     0   2  3  
 2 Nico Hischier            Max Comtois              Anthony Mantha           30     0   2  3  
 3 Paul Stastny             Casey Cizikas            Anthony Beauvillier      30     0   3  2  
 4 Luke Glendening          Jake Debrusk             Taylor Raddysh           10     1   2  2  

5 vs 5 Defense 
   Defense                  Defense                                           Time % Phy DF OF 
 1 Jakob Chychrun           Brent Burns                                       38     1   2  2  
 2 Joel Edmundson           Seth Jones                                        36     1   2  2  
 3 Dmitry Kulikov           Andy Greene                                       26     1   2  2  
 4 Jakob Chychrun           Brent Burns                                       0      1   2  2  

PowerPlay Forward 
   Center                   Left Wing                Right Wing               Time % Phy DF OF 
 1 Sean Monahan             Brady Tkachuk            Anthony Beauvillier      70     0   1  4  
 2 Nico Hischier            Paul Stastny             Anthony Mantha           30     0   1  4  

PowerPlay Defense
   Defense                  Defense                                           Time % Phy DF OF 
 1 Jakob Chychrun           Brent Burns                                       60     0   1  4  
 2 Joel Edmundson           Seth Jones                                        40     0   1  4  

Penalty Kill 4 Players Forward 
   Center                   Wing                     Time % Phy DF OF 
 1 Luke Glendening          Ilya Mikheyev            50     0   4  1  
 2 Casey Cizikas            Nico Hischier            50     0   4  1  

Penalty Kill 4 Players Defense
   Defense                  Defense                  Time % Phy DF OF 
 1 Andy Greene              Seth Jones               50     0   4  1  
 2 Dmitry Kulikov           Brent Burns              50     1   2  2  

Penalty Kill - 3 Players Forward 
   Forward                                           Time % Phy DF OF 
 1 Luke Glendening                                   60     0   5  0  
 2 Casey Cizikas                                     40     0   5  0  

Penalty Kill - 3 Players Defense
   Defense                  Defense                  Time % Phy DF OF 
 1 Brent Burns              Seth Jones               70     0   5  0  
 2 Dmitry Kulikov           Andy Greene              30     1   2  2  

4 vs 4 Forward 
   Center                   Wing                     Time % Phy DF OF 
 1 Paul Stastny             Brady Tkachuk            50     0   2  3  
 2 Sean Monahan             Anthony Mantha           50     0   2  3  

4 vs 4 Defense
   Defense                  Defense                  Time % Phy DF OF 
 1 Jakob Chychrun           Brent Burns              50     0   2  3  
 2 Joel Edmundson           Seth Jones               50     0   2  3  

Last Minutes Offensive
   Center                   Left Wing                Right Wing               Defense                  Defense                  
   Paul Stastny             Brady Tkachuk            Anthony Beauvillier      Brent Burns              Seth Jones               

Last Minutes Defensive
   Center                   Left Wing                Right Wing               Defense                  Defense                  
   Casey Cizikas            Brady Tkachuk            Luke Glendening          Brent Burns              Seth Jones               

Goaltenders
Starting : Juuse Saros              
Backup : Petr Mrazek              

Extra Forwards
Normal : Taylor Raddysh, Jake Debrusk, Max Comtois - PP : Max Comtois, Jake Debrusk - PK : Anthony Beauvillier
Extra Defensemen
Normal : Andy Greene, Dmitry Kulikov, Seth Jones - PP : Dmitry Kulikov - PK : Joel Edmundson, Jakob Chychrun
Penalty Shots
Sean Monahan, Anthony Mantha, Casey Cizikas, Andy Greene, Anthony Beauvillier
Custom OT Lines Forwards
Brady Tkachuk, Sean Monahan, Anthony Beauvillier, Paul Stastny, Anthony Mantha, Nico Hischier, Max Comtois, Luke Glendening, Casey Cizikas, Brent Burns
Custom OT Lines Defensemen
Brent Burns, Seth Jones, Jakob Chychrun, Joel Edmundson, Dmitry Kulikov

Scratches
Andrew Agozzino (Healthy), Jayson Megna (Healthy)

Penguins

5 vs 5 Forward 
   Center                   Left Wing                Right Wing               Time % Phy DF OF 
 1 Auston Matthews          Tomas Tatar              Mikael Granlund          34     0   1  4  
 2 J.T. Miller              Charlie Coyle            Joel Armia               30     1   1  3  
 3 Sam Steel                Lawson Crouse            Jesse Puljujarvi         26     1   2  2  
 4 Cody Eakin               Curtis Lazar             Matthew Nieto            10     1   2  2  

5 vs 5 Defense 
   Defense                  Defense                                           Time % Phy DF OF 
 1 Tyler Myers              Cale Makar                                        35     0   4  1  
 2 Jeremy Lauzon            Dmitry Orlov                                      30     1   3  1  
 3 Ethan Bear               Chad Ruhwedel                                     25     1   3  1  
 4 Matt Tennyson            Ethan Bear                                        10     1   3  1  

PowerPlay Forward 
   Center                   Left Wing                Right Wing               Time % Phy DF OF 
 1 Auston Matthews          J.T. Miller              Mikael Granlund          60     0   0  5  
 2 Charlie Coyle            Tomas Tatar              Jesse Puljujarvi         40     0   1  4  

PowerPlay Defense
   Defense                  Defense                                           Time % Phy DF OF 
 1 Dmitry Orlov             Cale Makar                                        50     1   1  3  
 2 Jeremy Lauzon            Tyler Myers                                       50     1   2  2  

Penalty Kill 4 Players Forward 
   Center                   Wing                     Time % Phy DF OF 
 1 Cody Eakin               Curtis Lazar             60     1   4  0  
 2 Matthew Nieto            Lawson Crouse            40     1   4  0  

Penalty Kill 4 Players Defense
   Defense                  Defense                  Time % Phy DF OF 
 1 Tyler Myers              Matt Tennyson            60     1   4  0  
 2 Jeremy Lauzon            Ethan Bear               40     1   4  0  

Penalty Kill - 3 Players Forward 
   Forward                                           Time % Phy DF OF 
 1 Cody Eakin                                        60     1   2  2  
 2 Matthew Nieto                                     40     1   2  2  

Penalty Kill - 3 Players Defense
   Defense                  Defense                  Time % Phy DF OF 
 1 Tyler Myers              Jeremy Lauzon            60     1   2  2  
 2 Chad Ruhwedel            Ethan Bear               40     1   2  2  

4 vs 4 Forward 
   Center                   Wing                     Time % Phy DF OF 
 1 Auston Matthews          Mikael Granlund          60     1   2  2  
 2 J.T. Miller              Tomas Tatar              40     1   2  2  

4 vs 4 Defense
   Defense                  Defense                  Time % Phy DF OF 
 1 Tyler Myers              Cale Makar               60     1   2  2  
 2 Jeremy Lauzon            Dmitry Orlov             40     1   2  2  

Last Minutes Offensive
   Center                   Left Wing                Right Wing               Defense                  Defense                  
   Auston Matthews          J.T. Miller              Mikael Granlund          Tyler Myers              Cale Makar               

Last Minutes Defensive
   Center                   Left Wing                Right Wing               Defense                  Defense                  
   Mikael Granlund          Lawson Crouse            Matthew Nieto            Tyler Myers              Chad Ruhwedel            

Goaltenders
Starting : Tuukka Rask              
Backup : Jack Campbell            

Extra Forwards
Normal : Matthew Nieto, Joel Armia, Cody Eakin - PP : Matthew Nieto, Joel Armia - PK : Cody Eakin
Extra Defensemen
Normal : Ethan Bear, Chad Ruhwedel, Matt Tennyson - PP : Ethan Bear - PK : Chad Ruhwedel, Matt Tennyson
Penalty Shots
Auston Matthews, J.T. Miller, Mikael Granlund, Tomas Tatar, Charlie Coyle
Custom OT Lines Forwards
Auston Matthews, J.T. Miller, Mikael Granlund, Tomas Tatar, Charlie Coyle, Lawson Crouse, Matthew Nieto, Joel Armia, Cody Eakin, Curtis Lazar
Custom OT Lines Defensemen
Tyler Myers, Cale Makar, Jeremy Lauzon, Dmitry Orlov, Ethan Bear

Scratches
Vinnie Hinostroza (Healthy), Sam Carrick (Healthy)

% Time on Ice - Bruins

Lines # - Real PCT - Wanted PCT - Time Play
Normal Forward
1 - 27% - 30% - 14:24
2 - 27% - 30% - 14:27
3 - 28% - 30% - 15:03
4 - 17% - 10% - 9:07
Normal Defense
1 - 39% - 38% - 20:31
2 - 35% - 36% - 18:43
3 - 25% - 26% - 13:24
4 - 1% - 0% - 0:23
PP Forward
1 - 0% - 70%
2 - 0% - 30%
PP Defense
1 - 0% - 60%
2 - 0% - 40%
PK Forward
1 - 53% - 50% - 3:10
2 - 47% - 50% - 2:47
PK Defense
1 - 61% - 50% - 3:38
2 - 39% - 50% - 2:19
PK3 Forward
1 - 0% - 60%
2 - 0% - 40%
PK3 Defense
1 - 0% - 70%
2 - 0% - 30%
44 Forward
1 - 0% - 50%
2 - 0% - 50%
44 Defense
1 - 0% - 50%
2 - 0% - 50%
Last Minute Offensive  - 0:00
Last Minute Defensive  - 1:02
Total
Forward - 60:00
Defense - 60:00

% Time on Ice - Penguins

Lines # - Real PCT - Wanted PCT - Time Play
Normal Forward
1 - 31% - 34% - 16:12
2 - 28% - 30% - 14:35
3 - 24% - 26% - 12:42
4 - 18% - 10% - 9:32
Normal Defense
1 - 36% - 35% - 19:09
2 - 32% - 30% - 16:51
3 - 25% - 25% - 13:02
4 - 8% - 10% - 3:59
PP Forward
1 - 53% - 60% - 3:09
2 - 47% - 40% - 2:48
PP Defense
1 - 35% - 50% - 2:05
2 - 65% - 50% - 3:52
PK Forward
1 - 0% - 60%
2 - 0% - 40%
PK Defense
1 - 0% - 60%
2 - 0% - 40%
PK3 Forward
1 - 0% - 60%
2 - 0% - 40%
PK3 Defense
1 - 0% - 60%
2 - 0% - 40%
44 Forward
1 - 0% - 60%
2 - 0% - 40%
44 Defense
1 - 0% - 60%
2 - 0% - 40%
Last Minute Offensive  - 1:02
Last Minute Defensive  - 0:00
Total
Forward - 60:00
Defense - 60:00

Play-by-Play

1st period


0:01 of 1st period - Sean Monahan wins face-off versus Tomas Tatar in neutral zone.
0:06 of 1st period - Wrist shot by Brady Tkachuk.
0:06 of 1st period - Shot Hit the Post.
0:14 of 1st period - Slapshot by Sean Monahan.
0:14 of 1st period - Shot Misses the Net.
0:51 of 1st period - Casey Cizikas is hit by Lawson Crouse and loses puck.
1:34 of 1st period - Seth Jones is hit by Auston Matthews and loses puck.
1:56 of 1st period - Slapshot by Cale Makar.
1:56 of 1st period - Stopped by Juuse Saros with a rebound.
1:58 of 1st period - Slapshot by Tyler Myers.
1:58 of 1st period - Shot Misses the Net.
2:10 of 1st period - Wrist shot by Brady Tkachuk.
2:10 of 1st period - Stopped by Tuukka Rask with a rebound.
2:12 of 1st period - Wrist shot by Casey Cizikas.
2:12 of 1st period - Shot Blocked by Tyler Myers.
2:14 of 1st period - Slapshot by Seth Jones.
2:14 of 1st period - Deflect By Anthony Beauvillier.
2:14 of 1st period - Shot Misses the Net.
2:14 of 1st period - Puck is out of play.
2:15 of 1st period - Auston Matthews wins face-off versus Paul Stastny in Penguins zone.
2:20 of 1st period - Snap shot by Mikael Granlund.
2:20 of 1st period - Stopped by Juuse Saros with a rebound.
2:55 of 1st period - Wrist shot by Anthony Mantha.
2:55 of 1st period - Shot Blocked by Tyler Myers.
2:55 of 1st period - Tyler Myers from Penguins is injured at 2:55 of 1st period (Sprained Right Finger).
2:56 of 1st period - Sean Monahan wins face-off versus J.T. Miller in Penguins zone.
2:57 of 1st period - Wrist shot by Brady Tkachuk.
2:57 of 1st period - Stopped by Tuukka Rask without a rebound.
2:58 of 1st period - Sean Monahan wins face-off versus J.T. Miller in Penguins zone.
4:11 of 1st period - Snap shot by Jesse Puljujarvi.
4:11 of 1st period - Stopped by Juuse Saros with a rebound.
4:13 of 1st period - Slapshot by Jeremy Lauzon.
4:13 of 1st period - Shot Misses the Net.
4:33 of 1st period - Slapshot by Jake Debrusk.
4:33 of 1st period - Stopped by Tuukka Rask with a rebound.
4:57 of 1st period - Slapshot by Jake Debrusk.
4:57 of 1st period - Stopped by Tuukka Rask with a rebound.
4:59 of 1st period - Snap shot by Luke Glendening.
4:59 of 1st period - Deflect By Taylor Raddysh.
4:59 of 1st period - Stopped by Tuukka Rask without a rebound.
5:00 of 1st period - Sam Steel wins face-off versus Sean Monahan in Penguins zone.
5:00 of 1st period - Sam Steel is hit by Dmitry Kulikov.
5:26 of 1st period - Max Comtois is hit by J.T. Miller and loses puck.
5:52 of 1st period - Dmitry Kulikov is hit by Jeremy Lauzon.
6:17 of 1st period - Backhand shot by Cody Eakin.
6:17 of 1st period - Shot Misses the Net.
6:19 of 1st period - Slapshot by Curtis Lazar.
6:19 of 1st period - Deflect By Matthew Nieto.
6:19 of 1st period - Shot Blocked by Seth Jones.
6:19 of 1st period - Puck is out of play.
6:20 of 1st period - J.T. Miller wins face-off versus Paul Stastny in Bruins zone.
7:17 of 1st period - Snap shot by Sam Steel.
7:17 of 1st period - Shot Misses the Net.
7:37 of 1st period - Snap shot by Curtis Lazar.
7:37 of 1st period - Shot Misses the Net.
7:48 of 1st period - Icing by Chad Ruhwedel.
7:49 of 1st period - Luke Glendening wins face-off versus J.T. Miller in Penguins zone.
7:50 of 1st period - Snap shot by Taylor Raddysh.
7:50 of 1st period - Stopped by Tuukka Rask without a rebound.
7:51 of 1st period - J.T. Miller wins face-off versus Jake Debrusk in Penguins zone.
8:43 of 1st period - Wrist shot by Jesse Puljujarvi.
8:43 of 1st period - Shot Hit the Post.
8:45 of 1st period - Snap shot by Lawson Crouse.
8:45 of 1st period - Stopped by Juuse Saros without a rebound.
8:46 of 1st period - Paul Stastny wins face-off versus Sam Steel in Bruins zone.
8:46 of 1st period - Paul Stastny is hit by Sam Steel.
9:12 of 1st period - Sam Steel is hit by Paul Stastny and loses puck.
9:33 of 1st period - Wrist shot by Anthony Beauvillier.
9:33 of 1st period - Shot Blocked by Matt Tennyson.
9:39 of 1st period - Wrist shot by Paul Stastny.
9:39 of 1st period - Shot Misses the Net.
9:59 of 1st period - Cale Makar is hit by Casey Cizikas and loses puck.
10:08 of 1st period - Wrist shot by Paul Stastny.
10:08 of 1st period - Stopped by Tuukka Rask with a rebound.
10:10 of 1st period - Slapshot by Joel Edmundson.
10:10 of 1st period - Deflect By Cale Makar.
10:10 of 1st period - Stopped by Tuukka Rask without a rebound.
10:11 of 1st period - Auston Matthews wins face-off versus Nico Hischier in Penguins zone.
11:20 of 1st period - Matthew Nieto is hit by Max Comtois and loses puck.
11:31 of 1st period - Snap shot by Cody Eakin.
11:31 of 1st period - Stopped by Juuse Saros without a rebound.
11:32 of 1st period - Ilya Mikheyev wins face-off versus Auston Matthews in Bruins zone.
11:37 of 1st period - Wrist shot by Brady Tkachuk.
11:37 of 1st period - Stopped by Tuukka Rask with a rebound.
12:06 of 1st period - Snap shot by Max Comtois.
12:06 of 1st period - Shot Blocked by Jeremy Lauzon.
13:45 of 1st period - Snap shot by Matthew Nieto.
13:45 of 1st period - Stopped by Juuse Saros with a rebound.
13:55 of 1st period - Backhand shot by J.T. Miller.
13:55 of 1st period - Stopped by Juuse Saros without a rebound.
13:56 of 1st period - Luke Glendening wins face-off versus J.T. Miller in Bruins zone.
13:56 of 1st period - Jakob Chychrun is hit by Dmitry Orlov and loses puck.
14:17 of 1st period - Slapshot by J.T. Miller.
14:17 of 1st period - Deflect By Luke Glendening.
14:17 of 1st period - Stopped by Juuse Saros with a rebound.
14:19 of 1st period - Slapshot by J.T. Miller.
14:19 of 1st period - Stopped by Juuse Saros without a rebound.
14:20 of 1st period - Nico Hischier wins face-off versus Auston Matthews in Bruins zone.
14:24 of 1st period - Off-side.
14:25 of 1st period - Nico Hischier wins face-off versus Auston Matthews in neutral zone.
15:22 of 1st period - Snap shot by Charlie Coyle.
15:22 of 1st period - Stopped by Juuse Saros without a rebound.
15:23 of 1st period - Nico Hischier wins face-off versus J.T. Miller in Bruins zone.
16:21 of 1st period - Cody Eakin is hit by Casey Cizikas and loses puck.
16:46 of 1st period - Mikael Granlund is hit by Seth Jones and loses puck.
17:23 of 1st period - Icing by Charlie Coyle.
17:24 of 1st period - J.T. Miller wins face-off versus Brady Tkachuk in Penguins zone.
17:48 of 1st period - Snap shot by Charlie Coyle.
17:48 of 1st period - Stopped by Juuse Saros with a rebound.
17:50 of 1st period - Snap shot by J.T. Miller.
17:50 of 1st period - Shot Misses the Net.
17:52 of 1st period - Snap shot by Ethan Bear.
17:52 of 1st period - Stopped by Juuse Saros with a rebound.
18:14 of 1st period - Slapshot by J.T. Miller.
18:14 of 1st period - Shot Hit the Post.
18:26 of 1st period - Snap shot by J.T. Miller.
18:26 of 1st period - Stopped by Juuse Saros without a rebound.
18:27 of 1st period - Nico Hischier wins face-off versus Auston Matthews in Bruins zone.
18:52 of 1st period - Dmitry Orlov is hit by Luke Glendening.
19:17 of 1st period - Anthony Beauvillier is hit by Chad Ruhwedel and loses puck.
19:43 of 1st period - Slapshot by Nico Hischier.
19:43 of 1st period - Shot Misses the Net.
19:45 of 1st period - Slapshot by Andy Greene.
19:45 of 1st period - Shot Misses the Net.
19:47 of 1st period - Snap shot by Nico Hischier.
19:47 of 1st period - Shot Misses the Net.
Goals for this period are 0 for Bruins vs 0 for Penguins.
Shots for this period are 9 for Bruins vs 13 for Penguins.

2nd period


0:01 of 2nd period - Auston Matthews wins face-off versus Paul Stastny in neutral zone.
0:56 of 2nd period - Brady Tkachuk is hit by Charlie Coyle and loses puck.
1:17 of 2nd period - Backhand shot by Sean Monahan.
1:17 of 2nd period - Stopped by Tuukka Rask with a rebound.
1:19 of 2nd period - Snap shot by Brady Tkachuk.
1:19 of 2nd period - Stopped by Tuukka Rask with a rebound.
1:21 of 2nd period - Snap shot by Sean Monahan.
1:21 of 2nd period - Stopped by Tuukka Rask without a rebound.
1:22 of 2nd period - Paul Stastny wins face-off versus Auston Matthews in Penguins zone.
1:25 of 2nd period - Snap shot by Anthony Beauvillier.
1:25 of 2nd period - Shot Misses the Net.
1:27 of 2nd period - Slapshot by Casey Cizikas.
1:27 of 2nd period - Shot Blocked by Ethan Bear.
1:29 of 2nd period - Backhand shot by Anthony Beauvillier.
1:29 of 2nd period - Shot Blocked by Auston Matthews.
1:47 of 2nd period - Tomas Tatar is hit by Luke Glendening and loses puck.
2:37 of 2nd period - Wrist shot by Sean Monahan.
2:37 of 2nd period - Deflect By Ethan Bear.
2:37 of 2nd period - Shot Blocked by Cale Makar.
2:37 of 2nd period - Puck is out of play.
2:38 of 2nd period - Paul Stastny wins face-off versus Sam Steel in Penguins zone.
2:48 of 2nd period - Off-side.
2:49 of 2nd period - J.T. Miller wins face-off versus Paul Stastny in neutral zone.
2:52 of 2nd period - Snap shot by Charlie Coyle.
2:52 of 2nd period - Shot Blocked by Jakob Chychrun.
2:54 of 2nd period - Snap shot by Charlie Coyle.
2:54 of 2nd period - Deflect By J.T. Miller.
2:54 of 2nd period - Shot Misses the Net.
2:54 of 2nd period - Puck is out of play.
2:55 of 2nd period - J.T. Miller wins face-off versus Paul Stastny in Bruins zone.
3:59 of 2nd period - Brent Burns is hit by Joel Armia and loses puck.
4:20 of 2nd period - Snap shot by Anthony Beauvillier.
4:20 of 2nd period - Shot Blocked by Dmitry Orlov.
4:42 of 2nd period - Minor Penalty to Paul Stastny for Tripping.
4:43 of 2nd period - Luke Glendening wins face-off versus Auston Matthews in Bruins zone.
4:47 of 2nd period - Wrist shot by Mikael Granlund.
4:47 of 2nd period - Shot Misses the Net.
4:49 of 2nd period - Slapshot by Cale Makar.
4:49 of 2nd period - Stopped by Juuse Saros with a rebound.
4:51 of 2nd period - Slapshot by Cale Makar.
4:51 of 2nd period - Stopped by Juuse Saros with a rebound.
4:53 of 2nd period - Snap shot by Auston Matthews.
4:53 of 2nd period - Shot Blocked by Andy Greene.
4:55 of 2nd period - Slapshot by Ethan Bear.
4:55 of 2nd period - Shot Blocked by Luke Glendening.
4:57 of 2nd period - Wrist shot by Auston Matthews.
4:57 of 2nd period - Shot Blocked by Andy Greene.
6:15 of 2nd period - Jeremy Lauzon is hit by Andy Greene and loses puck.
6:42 of 2nd period - Penalty to Paul Stastny is over, Paul Stastny is back on ice.
6:47 of 2nd period - Icing by Max Comtois.
6:48 of 2nd period - Nico Hischier wins face-off versus Sam Steel in Bruins zone.
6:53 of 2nd period - Sam Steel is hit by Anthony Mantha and loses puck.
8:21 of 2nd period - Dmitry Kulikov is hit by Chad Ruhwedel and loses puck.
8:26 of 2nd period - Wrist shot by Cale Makar.
8:26 of 2nd period - Shot Blocked by Andy Greene.
8:28 of 2nd period - Slapshot by Cale Makar.
8:28 of 2nd period - Shot Misses the Net.
9:19 of 2nd period - Off-side.
9:20 of 2nd period - Nico Hischier wins face-off versus J.T. Miller in neutral zone.
9:25 of 2nd period - Slapshot by Nico Hischier.
9:25 of 2nd period - Stopped by Tuukka Rask without a rebound.
9:26 of 2nd period - Auston Matthews wins face-off versus Sean Monahan in Penguins zone.
9:45 of 2nd period - Auston Matthews is hit by Joel Edmundson and loses puck.
10:02 of 2nd period - Snap shot by Nico Hischier.
10:02 of 2nd period - Goal by Nico Hischier - Bruins : 1 - Penguins : 0.
10:03 of 2nd period - Auston Matthews wins face-off versus Anthony Mantha in neutral zone.
10:14 of 2nd period - Slapshot by Tomas Tatar.
10:14 of 2nd period - Stopped by Juuse Saros without a rebound.
10:15 of 2nd period - Auston Matthews wins face-off versus Nico Hischier in Bruins zone.
10:45 of 2nd period - Snap shot by Brady Tkachuk.
10:45 of 2nd period - Stopped by Tuukka Rask without a rebound.
10:46 of 2nd period - Sam Steel wins face-off versus Sean Monahan in Penguins zone.
10:59 of 2nd period - Snap shot by Seth Jones.
10:59 of 2nd period - Shot Misses the Net.
11:01 of 2nd period - Snap shot by Brady Tkachuk.
11:01 of 2nd period - Shot Misses the Net.
12:53 of 2nd period - Slapshot by Seth Jones.
12:53 of 2nd period - Stopped by Tuukka Rask with a rebound.
12:55 of 2nd period - Snap shot by Taylor Raddysh.
12:55 of 2nd period - Stopped by Tuukka Rask without a rebound.
12:56 of 2nd period - Sam Steel wins face-off versus Nico Hischier in Penguins zone.
13:26 of 2nd period - Cale Makar is hit by Brady Tkachuk and loses puck.
13:53 of 2nd period - Wrist shot by Luke Glendening.
13:53 of 2nd period - Stopped by Tuukka Rask without a rebound.
13:54 of 2nd period - Nico Hischier wins face-off versus Sam Steel in Penguins zone.
13:55 of 2nd period - Snap shot by Anthony Mantha.
13:55 of 2nd period - Stopped by Tuukka Rask with a rebound.
14:01 of 2nd period - Slapshot by Nico Hischier.
14:01 of 2nd period - Stopped by Tuukka Rask with a rebound.
15:32 of 2nd period - Snap shot by Auston Matthews.
15:32 of 2nd period - Stopped by Juuse Saros with a rebound.
15:34 of 2nd period - Slapshot by Matt Tennyson.
15:34 of 2nd period - Stopped by Juuse Saros without a rebound.
15:35 of 2nd period - Auston Matthews wins face-off versus Sean Monahan in Bruins zone.
16:21 of 2nd period - Backhand shot by Paul Stastny.
16:21 of 2nd period - Stopped by Tuukka Rask without a rebound.
16:22 of 2nd period - Sam Steel wins face-off versus Paul Stastny in Penguins zone.
17:18 of 2nd period - Slapshot by Ethan Bear.
17:18 of 2nd period - Shot Misses the Net.
17:20 of 2nd period - Snap shot by Charlie Coyle.
17:20 of 2nd period - Stopped by Juuse Saros without a rebound.
17:21 of 2nd period - Auston Matthews wins face-off versus Nico Hischier in Bruins zone.
17:48 of 2nd period - Brady Tkachuk is hit by J.T. Miller.
18:08 of 2nd period - Snap shot by Jesse Puljujarvi.
18:08 of 2nd period - Stopped by Juuse Saros without a rebound.
18:09 of 2nd period - Anthony Beauvillier wins face-off versus Jesse Puljujarvi in Bruins zone.
18:16 of 2nd period - Wrist shot by Cale Makar.
18:16 of 2nd period - Deflect By Joel Edmundson.
18:16 of 2nd period - Stopped by Juuse Saros with a rebound.
18:18 of 2nd period - Wrist shot by Sam Steel.
18:18 of 2nd period - Deflect By Jesse Puljujarvi.
18:18 of 2nd period - Stopped by Juuse Saros with a rebound.
18:59 of 2nd period - Joel Armia is hit by Joel Edmundson and loses puck.
19:23 of 2nd period - Wrist shot by Jake Debrusk.
19:23 of 2nd period - Shot Misses the Net.
19:25 of 2nd period - Slapshot by Brent Burns.
19:25 of 2nd period - Stopped by Tuukka Rask with a rebound.
19:54 of 2nd period - Off-side.
19:55 of 2nd period - Sean Monahan wins face-off versus Auston Matthews in neutral zone.
Goals for this period are 1 for Bruins vs 0 for Penguins.
Shots for this period are 13 for Bruins vs 9 for Penguins.

3rd period


0:01 of 3rd period - Sean Monahan wins face-off versus Tomas Tatar in neutral zone.
0:26 of 3rd period - Andy Greene is hit by J.T. Miller and loses puck.
1:25 of 3rd period - Minor Penalty to Joel Edmundson for Tripping.
1:26 of 3rd period - Mikael Granlund wins face-off versus Casey Cizikas in Bruins zone.
1:52 of 3rd period - Andy Greene is hit by Cale Makar.
2:18 of 3rd period - Ilya Mikheyev is hit by Mikael Granlund and loses puck.
2:31 of 3rd period - Slapshot by Brent Burns.
2:31 of 3rd period - Stopped by Tuukka Rask without a rebound.
2:32 of 3rd period - Casey Cizikas wins face-off versus Auston Matthews in Penguins zone.
2:43 of 3rd period - Slapshot by Seth Jones.
2:43 of 3rd period - Shot Blocked by Ethan Bear.
3:25 of 3rd period - Penalty to Joel Edmundson is over, Joel Edmundson is back on ice.
4:27 of 3rd period - Snap shot by Paul Stastny.
4:27 of 3rd period - Shot Misses the Net.
4:29 of 3rd period - Slapshot by Anthony Beauvillier.
4:29 of 3rd period - Shot Misses the Net.
4:31 of 3rd period - Slapshot by Paul Stastny.
4:31 of 3rd period - Shot Blocked by Auston Matthews.
4:33 of 3rd period - Snap shot by Jakob Chychrun.
4:33 of 3rd period - Shot Misses the Net.
4:35 of 3rd period - Snap shot by Paul Stastny.
4:35 of 3rd period - Shot Misses the Net.
4:45 of 3rd period - Wrist shot by Cody Eakin.
4:45 of 3rd period - Goal by Cody Eakin - Bruins : 1 - Penguins : 1.
4:46 of 3rd period - Nico Hischier wins face-off versus Auston Matthews in neutral zone.
4:49 of 3rd period - Slapshot by Dmitry Kulikov.
4:49 of 3rd period - Stopped by Tuukka Rask without a rebound.
4:50 of 3rd period - Nico Hischier wins face-off versus Auston Matthews in Penguins zone.
4:51 of 3rd period - Snap shot by Max Comtois.
4:51 of 3rd period - Stopped by Tuukka Rask with a rebound.
5:01 of 3rd period - Wrist shot by Auston Matthews.
5:01 of 3rd period - Shot Misses the Net.
5:59 of 3rd period - Slapshot by Chad Ruhwedel.
5:59 of 3rd period - Deflect By Jake Debrusk.
5:59 of 3rd period - Stopped by Juuse Saros without a rebound.
6:00 of 3rd period - Cody Eakin wins face-off versus Luke Glendening in Bruins zone.
6:27 of 3rd period - Snap shot by Taylor Raddysh.
6:27 of 3rd period - Deflect By Jake Debrusk.
6:27 of 3rd period - Shot Blocked by Jeremy Lauzon.
6:27 of 3rd period - Puck is out of play.
6:28 of 3rd period - Nico Hischier wins face-off versus Auston Matthews in Penguins zone.
6:29 of 3rd period - Snap shot by Anthony Mantha.
6:29 of 3rd period - Shot Misses the Net.
6:40 of 3rd period - Wrist shot by Mikael Granlund.
6:40 of 3rd period - Shot Misses the Net.
6:42 of 3rd period - Slapshot by Dmitry Orlov.
6:42 of 3rd period - Stopped by Juuse Saros without a rebound.
6:43 of 3rd period - Sean Monahan wins face-off versus J.T. Miller in Bruins zone.
6:51 of 3rd period - Icing by Jeremy Lauzon.
6:52 of 3rd period - J.T. Miller wins face-off versus Brady Tkachuk in Penguins zone.
7:03 of 3rd period - Wrist shot by Charlie Coyle.
7:03 of 3rd period - Deflect By Joel Armia.
7:03 of 3rd period - Shot Misses the Net.
7:03 of 3rd period - Puck is out of play.
7:04 of 3rd period - Auston Matthews wins face-off versus Paul Stastny in Bruins zone.
7:37 of 3rd period - Wrist shot by Joel Armia.
7:37 of 3rd period - Shot Blocked by Nico Hischier.
7:39 of 3rd period - Slapshot by Chad Ruhwedel.
7:39 of 3rd period - Stopped by Juuse Saros with a rebound.
7:41 of 3rd period - Slapshot by Charlie Coyle.
7:41 of 3rd period - Stopped by Juuse Saros without a rebound.
7:42 of 3rd period - Sean Monahan wins face-off versus Sam Steel in Bruins zone.
7:51 of 3rd period - Slapshot by Jakob Chychrun.
7:51 of 3rd period - Shot Blocked by Cale Makar.
7:57 of 3rd period - Sean Monahan is hit by Jesse Puljujarvi.
8:09 of 3rd period - Auston Matthews is hit by Jakob Chychrun and loses puck.
8:29 of 3rd period - Wrist shot by Jakob Chychrun.
8:29 of 3rd period - Stopped by Tuukka Rask with a rebound.
8:31 of 3rd period - Backhand shot by Nico Hischier.
8:31 of 3rd period - Shot Misses the Net.
8:33 of 3rd period - Wrist shot by Max Comtois.
8:33 of 3rd period - Deflect By Anthony Mantha.
8:33 of 3rd period - Bruins goal is going for a video replay.
8:33 of 3rd period - The goal is good.
8:33 of 3rd period - Goal by Anthony Mantha - Bruins : 2 - Penguins : 1.
8:34 of 3rd period - Nico Hischier wins face-off versus Auston Matthews in neutral zone.
8:38 of 3rd period - Icing by Tomas Tatar.
8:39 of 3rd period - Auston Matthews wins face-off versus Nico Hischier in Penguins zone.
8:52 of 3rd period - Snap shot by Nico Hischier.
8:52 of 3rd period - Stopped by Tuukka Rask with a rebound.
8:54 of 3rd period - Slapshot by Max Comtois.
8:54 of 3rd period - Stopped by Tuukka Rask with a rebound.
9:08 of 3rd period - Slapshot by Cale Makar.
9:08 of 3rd period - Shot Misses the Net.
9:10 of 3rd period - Wrist shot by J.T. Miller.
9:10 of 3rd period - Stopped by Juuse Saros without a rebound.
9:11 of 3rd period - J.T. Miller wins face-off versus Paul Stastny in Bruins zone.
9:12 of 3rd period - Snap shot by Charlie Coyle.
9:12 of 3rd period - Stopped by Juuse Saros without a rebound.
9:13 of 3rd period - Auston Matthews wins face-off versus Paul Stastny in Bruins zone.
10:09 of 3rd period - Lawson Crouse is hit by Nico Hischier and loses puck.
10:47 of 3rd period - Slapshot by Ethan Bear.
10:47 of 3rd period - Stopped by Juuse Saros without a rebound.
10:48 of 3rd period - Paul Stastny wins face-off versus Auston Matthews in Bruins zone.
10:53 of 3rd period - Wrist shot by Jakob Chychrun.
10:53 of 3rd period - Stopped by Tuukka Rask without a rebound.
10:54 of 3rd period - Sean Monahan wins face-off versus Auston Matthews in Penguins zone.
10:55 of 3rd period - Snap shot by Brady Tkachuk.
10:55 of 3rd period - Stopped by Tuukka Rask without a rebound.
10:56 of 3rd period - Auston Matthews wins face-off versus Sean Monahan in Penguins zone.
11:00 of 3rd period - Minor Penalty to Jakob Chychrun for Hooking.
11:01 of 3rd period - Casey Cizikas wins face-off versus Auston Matthews in Bruins zone.
13:00 of 3rd period - Penalty to Jakob Chychrun is over, Jakob Chychrun is back on ice.
13:13 of 3rd period - Ilya Mikheyev is hit by Matthew Nieto and loses puck.
13:56 of 3rd period - Snap shot by Jake Debrusk.
13:56 of 3rd period - Shot Misses the Net.
14:54 of 3rd period - Curtis Lazar is hit by Anthony Beauvillier.
15:27 of 3rd period - Wrist shot by Sean Monahan.
15:27 of 3rd period - Stopped by Tuukka Rask with a rebound.
16:07 of 3rd period - Sean Monahan is hit by Matt Tennyson and loses puck.
16:26 of 3rd period - Jake Debrusk is hit by Tomas Tatar.
16:48 of 3rd period - Wrist shot by Anthony Beauvillier.
16:48 of 3rd period - Shot Misses the Net.
16:50 of 3rd period - Slapshot by Joel Edmundson.
16:50 of 3rd period - Stopped by Tuukka Rask with a rebound.
17:34 of 3rd period - Jake Debrusk is hit by Auston Matthews and loses puck.
17:45 of 3rd period - Matt Tennyson is hit by Ilya Mikheyev and loses puck.
18:01 of 3rd period - Casey Cizikas is hit by Curtis Lazar and loses puck.
18:51 of 3rd period - Snap shot by Matthew Nieto.
18:51 of 3rd period - Shot Blocked by Anthony Beauvillier.
18:53 of 3rd period - Snap shot by Cody Eakin.
18:53 of 3rd period - Shot Misses the Net.
18:55 of 3rd period - Slapshot by Chad Ruhwedel.
18:55 of 3rd period - Shot Blocked by Joel Edmundson.
18:57 of 3rd period - Slapshot by Matthew Nieto.
18:57 of 3rd period - Deflect By Cody Eakin.
18:57 of 3rd period - Shot Misses the Net.
18:57 of 3rd period - Puck is out of play.
18:58 of 3rd period - Peter DeBoer call a timeout for Penguins.
18:58 of 3rd period - Auston Matthews wins face-off versus Casey Cizikas in Bruins zone.
19:01 of 3rd period - Penguins, Tuukka Rask is pulled from the net.
19:09 of 3rd period - Ethan Bear is hit by Luke Glendening and loses puck.
19:48 of 3rd period - Snap shot by Mikael Granlund.
19:48 of 3rd period - Shot Misses the Net.
19:50 of 3rd period - Slapshot by Ethan Bear.
19:50 of 3rd period - Shot Blocked by Seth Jones.
19:52 of 3rd period - Wrist shot by Mikael Granlund.
19:52 of 3rd period - Deflect By Auston Matthews.
19:52 of 3rd period - Stopped by Juuse Saros with a rebound.
19:54 of 3rd period - Snap shot by Auston Matthews.
19:54 of 3rd period - Stopped by Juuse Saros with a rebound.
19:56 of 3rd period - Slapshot by Ethan Bear.
19:56 of 3rd period - Stopped by Juuse Saros without a rebound.
19:57 of 3rd period - Auston Matthews wins face-off versus Casey Cizikas in Bruins zone.
Goals for this period are 1 for Bruins vs 1 for Penguins.
Shots for this period are 11 for Bruins vs 11 for Penguins. Output by the SimonT Hockey Simulator (STHS) for Alexandre Lamarre - Original Page W3C HTML5 Valid
Hockey Simulator - Hockey Simulation - Hockey Manager